 Dungeon Crawl Stone Soup version 0.30-a0-591-g3c58d2bc28 (webtiles) character file.

Game seed: 13852376113854044416

1207 Citaku the Covered (level 8, -5/70 HPs)
             Began as a Minotaur Fighter on Jan 6, 2023.
             Was a Follower of Dithmenos.
             Slain by an ogre
             ... wielding a +0 giant spiked club
              (19 damage)
             ... on level 5 of the Dungeon.
             The game lasted 00:06:40 (4122 turns).

Citaku the Covered (Minotaur Fighter)               Turns: 4122, Time: 00:06:41

Health: -5/70      AC: 12    Str: 22    XL:     8   Next: 21%
Magic:  7/7        EV: 10    Int:  5    God:    Dithmenos [*.....]
Gold:   328        SH:  5    Dex: 11    Spells: 7/7 levels left

rFire   + . .      SeeInvis .    a - +0 war axe
rCold   . . .      Faith    .    c - +0 buckler
rNeg    . . .      Spirit   .    x - +2 ring mail {rF+}
rPois   .          Reflect  .    (helmet restricted)
rElec   .          Harm     .    k - +0 cloak
rCorr   .          Rampage  .    v - +0 pair of gloves
Will    .....                    y - +0 pair of boots
Stlth   +                        (no amulet)
HPRegen 0.31/turn                (no ring)
MPRegen 0.10/turn                (no ring)

@: mighty, wreathed by umbra
A: horns 2, retaliatory headbutt
a: Renounce Religion


You were on level 5 of the Dungeon.
You worshipped Dithmenos.
Dithmenos was aware of your devotion.
You visited 1 branch of the dungeon, and saw 5 of its levels.

You collected 328 gold pieces.

Inventory:

Hand Weapons
 a - a +0 war axe (weapon)
Armour
 c - a +0 buckler (worn)
 k - a +0 cloak (worn)
 v - a +0 pair of gloves (worn)
 x - a +2 ring mail of fire resistance (worn)
 y - a +0 pair of boots (worn)
Jewellery
 z - a ring of wizardry
Wands
 q - a wand of paralysis (14)
 C - a wand of flame (9)
Scrolls
 f - a scroll of noise {unknown}
 h - 2 scrolls of magic mapping {unknown}
 i - a scroll of immolation {unknown}
 l - a scroll of teleportation {unknown}
 n - a scroll of fear {unknown}
 p - a scroll of amnesia {unknown}
 r - 5 scrolls of identify {unknown}
 s - 3 scrolls of enchant armour {unknown}
 t - a scroll of enchant weapon {unknown}
 B - a scroll of fog {unknown}
Potions
 b - 2 potions of ambrosia {unknown}
 e - 3 potions of curing {unknown}
 g - a potion of flight {unknown}
 j - 4 potions of degeneration {unknown}
 m - 2 potions of attraction {unknown}
 o - a potion of brilliance {unknown}
 u - a potion of mutation {unknown}
 w - a potion of cancellation {unknown}
 A - a potion of invisibility {unknown}


   Skills:
 + Level 6.0 Fighting
 * Level 7.3 Axes
 * Level 7.7 Armour
 + Level 6.0 Shields


You had 7 spell levels left.
You didn't know any spells.
Your spell library contained the following spells:

 Spells                   Type           Power      Damage    Failure   Level
 Apportation              Tloc           0%         N/A       71%         1
 Freeze                   Ice            0%         1d3       71%         1
 Necrotise                Necr           0%         1d4       71%         1
 Summon Small Mammal      Summ           0%         N/A       71%         1
 Cigotuvi's Dreadful Rot  Necr/Pois/Air  0%         N/A       83%         2
 Poisonous Vapours        Pois/Air       0%         N/A       83%         2
 Call Canine Familiar     Summ           0%         N/A       97%         3
 Frozen Ramparts          Ice            0%         1d1       97%         3
 Hailstorm                Conj/Ice       0%         3d3       97%         3
 Mephitic Cloud           Conj/Pois/Air  0%         N/A       97%         3
 Summon Guardian Golem    Hex/Summ       0%         N/A       97%         3
 Animate Dead             Necr           0%         N/A       100%        4
 Borgnjor's Vile Clutch   Necr/Erth      0%         N/A       100%        5
 Death Channel            Necr           0%         N/A       100%        6


Dungeon Overview and Level Annotations

Branches:
Dungeon (5/15)             Temple (0/1) D:4

Altars:
Dithmenos
Vehumet
Wu Jian

Shops:
D:4 *


Innate Abilities, Weirdness & Mutations

You have a pair of horns on your head.
You reflexively headbutt those who attack you in melee.


Message History

Dithmenos accepts your kill.
You are shrouded in an aura of darkness!
You hit the iguana. The hound barely misses you. The iguana bites you!
The hound closely misses you. You furiously retaliate!
You headbutt the hound! The ufetubus closely misses you.
You furiously retaliate!
You headbutt the ufetubus!
You kill the ufetubus!
Dithmenos accepts your kill.
Your Axes skill increases to level 7!
You have reached level 8!
You feel agile.
You slash the orc priest! Your headbutt misses the orc priest.
The orc priest is severely wounded.
You completely miss the iguana. You closely miss the hound.
The hound closely misses you. You furiously retaliate!
You headbutt the hound!
You kill the hound!
Dithmenos accepts your kill. You block the iguana's attack.
The orc priest hits you with a +0 dagger.
You barely miss the iguana. You headbutt the iguana.
You kill the iguana!
Dithmenos accepts your kill.
You barely miss the orc priest.
The orc priest calls down the wrath of Beogh upon you.
Beogh smites you!
* * * LOW HITPOINT WARNING * * *
Your Fighting skill increases to level 6!
You hit the ogre.
The ogre is lightly wounded.
You slash the orc priest!
You kill the orc priest!
Dithmenos accepts your kill.
The ogre hits you with a +0 giant spiked club.
* * * LOW HITPOINT WARNING * * *
Your Shields skill increases to level 6!
You slash the ogre!
The ogre is moderately wounded.
You barely miss the orc.
The ogre hits you with a +0 giant spiked club!!
You die...

#.. ##+####.....
#.. #......#....
#.. #.......... #..
#......#.# #..
#........ #..
#...=.o###.. #.#
#...o)...... #.#
#...@Oo# #.#
#......# # # #.#
###'#+## #.###.#.#
#.# #.....#.# #.#
......#.# #.#
###....<# #.#
........# #.#
.........
#.#################


You could see an ogre and 3 orcs.

Vanquished Creatures
  Sigmund (D:5)
  Menkaure (D:5)
  2 ogres
  Blork the orc (D:5)
  A scorpion (D:5)
  A howler monkey (D:5)
  An orc priest (D:5)
  2 hounds (D:5)
  4 iguanas
  Ijyb (D:3)
  An orc wizard (D:3)
  7 adders
  16 gnolls
  3 ufetubi
  3 worms
  6 dart slugs
  7 orcs
  4 bats
  9 endoplasms
  3 giant cockroaches
  15 goblins
  4 hobgoblins
  8 quokkas
  4 ball pythons
  5 frilled lizards
  6 kobolds
  8 rats
124 creatures vanquished.

Notes
Turn   | Place    | Note
-------+----------+-------------------------------------------
     0 | D:1      | Citaku the Minotaur Fighter began the quest for the Orb.
     0 | D:1      | Reached XP level 1. HP: 19/19 MP: 0/0
    48 | D:1      | Reached XP level 2. HP: 24/27 MP: 1/1
   290 | D:1      | Reached XP level 3. HP: 33/33 MP: 2/2
   738 | D:2      | Identified the +5 sling "Unellaakh" {elec, rC+ Str+3}
   828 | D:2      | Reached XP level 4. HP: 26/40 MP: 3/3
  1010 | D:2      | Reached XP level 5. HP: 13/47 MP: 4/4
  1176 | D:2      | Reached skill level 5 in Armour
  1697 | D:3      | Noticed Ijyb
  1700 | D:3      | Paralysed by Ijyb for 3 turns
  1710 | D:3      | Killed Ijyb
  1954 | D:3      | Found an ornate altar of the Wu Jian Council.
  1979 | D:3      | Found a radiant altar of Vehumet.
  2675 | D:4      | Reached XP level 6. HP: 53/53 MP: 5/5
  2692 | D:4      | Found a staircase to the Ecumenical Temple.
  2725 | D:4      | Found Aroeng's General Store.
  2737 | D:4      | Reached skill level 5 in Axes
  2866 | D:4      | Found a shadowy altar of Dithmenos.
  2934 | D:4      | Became a worshipper of Dithmenos the Shadowed
  3115 | D:4      | Reached skill level 5 in Fighting
  3385 | D:4      | Reached skill level 5 in Shields
  3545 | D:5      | Entered Level 5 of the Dungeon
  3611 | D:5      | Noticed Blork the orc
  3618 | D:5      | Killed Blork the orc
  3619 | D:5      | Reached XP level 7. HP: 55/61 MP: 6/6
  3850 | D:5      | Noticed Sigmund
  3867 | D:5      | Killed Sigmund
  4111 | D:5      | Noticed Menkaure
  4118 | D:5      | Killed Menkaure
  4118 | D:5      | Reached * piety under Dithmenos
  4119 | D:5      | Reached XP level 8. HP: 25/70 MP: 7/7
  4122 | D:5      | Slain by an ogre

Illustrated notes

Levels and vault maps discovered:
D:1:      psy_arrival_conway, layout_rooms, minmay_tromino_v4_c
D:2:      layout_loops_ring
D:3:      kennysheep_the_goblin_king, layout_loops_cross,
          mainiacjoe_overflow_two_lobes
D:4:      nicolae_cairo_tiling, layout_basic, amcnicky_altar_gilded,
          serial_shops, nicolae_shop_stone
D:5:      layout_basic, st_stairs_4, chequers_serial_rivers_micro_b,
          uniq_blork_the_orc, uniq_sigmund, uniq_menkaure

Skill      XL: |  1  2  3  4  5  6  7  8 |
---------------+-------------------------+-----
Axes           | 3 4 5 7 |  7.3
Armour         | 4 5 6 7 |  7.7
Fighting       | 4 5 6 |  6.0
Shields        | 4 5 6 |  6.0

Action                   |  1- 3 |  4- 6 |  7- 9 || total
-------------------------+-------+-------+-------++-------
Melee: War axe           |    55 |   142 |    27 ||   224
       Headbutt          |     5 |    23 |     7 ||    35
  Use: Potion            |       |       |     2 ||     2
Armor: Scale mail        |    40 |    82 |       ||   122
       Ring mail         |       |    10 |    16 ||    26
Dodge: Dodged            |    24 |    86 |    18 ||   128
Block: Buckler           |    14 |    44 |     6 ||    64

Table legend: (Time is in decaauts)
 A = Elapsed time spent in this place.
 B = Non-inter-level travel time spent in this place.
 C = Inter-level travel time spent in this place.
 D = Time resting spent in this place.
 E = Time spent auto-exploring this place.
 F = Levels seen in this place.
 G = Mean time per level.
                   A        B        C        D        E       F      G
               +--------+--------+--------+--------+--------+-----+--------+
         Total |   4196 |   4196 |      0 |      0 |   3112 |   5 |  839.2 |
       Dungeon |   4196 |   4196 |      0 |      0 |   3112 |   5 |  839.2 |
               +--------+--------+--------+--------+--------+-----+--------+

Top non-repeatable levels by time:
     D:4: 1106 daAuts
     D:3: 952 daAuts
     D:2: 891 daAuts
     D:1: 660 daAuts
     D:5: 585 daAuts
